 Dungeon Crawl Stone Soup version 0.32-a0-120-gfac0567ad4 (webtiles) character file.

Game seed: 9648739029858459251

50 Rennog the Changeling (level 3, -5/24 HPs)
             Began as an Octopode Shapeshifter on Feb 7, 2024.
             Slain by a hobgoblin
             ... wielding a +0 short sword
              (6 damage)
             ... on level 2 of the Dungeon.
             The game lasted 00:01:07 (1151 turns).

Rennog the Changeling (Octopode Shapeshifter)       Turns: 1151, Time: 00:01:08

Health: -5/24      AC:  1    Str: 15    XL:     3   Next: 79%
Magic:  3/3        EV: 13    Int: 12    God:
Gold:   131        SH:  0    Dex: 11    Spells: 2/2 levels left

rFire   . .          .
                       - Unarmed
rCold   . . .        (no shield)
rNeg    . . .        (helmet currently unavailable)
rPois   .            (no amulet)
rElec   .            (no ring)
rCorr   .            (no ring)
SInv    .            (no ring)
Will    .....        (no ring)
Stlth   ++           (no ring)
HPRegen 0.24/turn    (no ring)
MPRegen 0.08/turn    (no ring)
                     (no ring)

%: no passive effects
@: beast-form
A: beast (slay +2), almost no armour, amphibious, 8 rings, camouflage 1,
gelatinous body 1, (nimble swimmer 1), tentacles
a: Begin Untransformation


You were on level 2 of the Dungeon.
You were a hulking beast.
You visited 1 branch of the dungeon, and saw 2 of its levels.

You collected 131 gold pieces.

Inventory:

Talismans
 b - a beast talisman
 c - a flux talisman
Scrolls
 d - 4 scrolls of identify {unknown}
 e - a scroll of amnesia {unknown}
Potions
 a - a potion of lignification
 f - a potion of enlightenment {unknown}


   Skills:
 + Level 2.1 Fighting
 - Level 2.0 Dodging
 - Level 3.0 Unarmed Combat
 * Level 4.0 Shapeshifting


You had 2 spell levels left.
You didn't know any spells.
Your spell library contained the following spells:

 Spells                   Type           Power      Damage    Failure   Level
 Sting                    Conj/Alch      0%         1d3       32%         1
 Mercury Vapours          Alch/Air       0%         N/A       45%         2
 Olgreb's Toxic Radiance  Alch           0%         N/A       97%         4


Dungeon Overview and Level Annotations

Branches:
Dungeon (2/15)

Altars:


Innate Abilities, Weirdness & Mutations

You are a hulking beast.
Your limbs bulge with bestial killing power. (Slay +2)
You cannot wear most types of armour.
You are amphibious.
You can wear up to eight rings at the same time.
Your skin changes colour to match your surroundings (Stealth+).
Your rubbery body absorbs attacks. (AC +1, EV +1)
((You are camouflaged when in or above water. (Stealth+)))
You have tentacles for arms and can constrict up to eight enemies at once.


Message History

You tentacle-slap the hobgoblin but do no damage.
You squeeze the hobgoblin.
You kill the hobgoblin!
You hear a shout!
The giant cockroach bites you.
You tentacle-slap the giant cockroach.
You kill the giant cockroach!
Your Shapeshifting skill increases to level 4!
A hobgoblin comes into view.
Found a scroll labelled OLIGEO OCINIGY.
You closely miss the adder. Your grab misses the adder.
The adder barely misses you. The adder completely misses you.
You tentacle-slap the adder but do no damage.
Your grab misses the adder.
The hobgoblin hits you with a +0 short sword.
The adder bites you.
You tentacle-slap the adder. You grab the adder.
The adder is lightly wounded.
You constrict the adder. The adder misses you.
The hobgoblin hits you with a +0 short sword!
You are too injured to fight recklessly!
You are too injured to fight recklessly!
You are too injured to fight recklessly!
You are too injured to fight recklessly!
You are too injured to fight recklessly!
You are too injured to fight recklessly!
You tentacle-slap the adder. x2
You squeeze the adder, but do no damage.
The adder is severely wounded.
You constrict the adder. The adder barely misses you.
The hobgoblin barely misses you.
You tentacle-slap the adder but do no damage.
The adder is almost dead.
You constrict the adder. The adder bites you.
The hobgoblin hits you with a +0 short sword!
* * * LOW HITPOINT WARNING * * *
You tentacle-slap the adder.
You kill the adder!
The hobgoblin hits you with a +0 short sword.
You die...

####.###.##.......?#
##..÷# #)##........# ...
#....# #.# ........##..#
#÷...###.# #..........#
.....##..# #.......>..#
#######..# #.........# #
###...# #.....!...##
####.....# #....[.....#
.........###....hg....#
###########..####.......
.......[....## g....##
############# .....#
.....# ?....# .....#
......


You could see 2 hobgoblins.

Vanquished Creatures
  2 adders (D:2)
  2 dart slugs
  5 bats
  3 endoplasms (D:2)
  3 giant cockroaches
  3 goblins
  3 hobgoblins (D:2)
  4 jackals (D:1)
  A quokka (D:2)
  2 ball pythons (D:2)
  A frilled lizard (D:1)
  2 kobolds
  5 rats
36 creatures vanquished.

Notes
Turn   | Place    | Note
-------+----------+-------------------------------------------
     0 | D:1      | Rennog the Octopode Shapeshifter began the quest for the
                  | Orb.
     0 | D:1      | Reached XP level 1. HP: 13/13 MP: 1/1
   197 | D:1      | Reached XP level 2. HP: 18/18 MP: 2/2
   830 | D:2      | Reached XP level 3. HP: 24/24 MP: 3/3
  1145 | D:2      | Reached skill level 4 in Shapeshifting
  1150 | D:2      | HP: 1/24 [hobgoblin/+0 short sword (7)]
  1151 | D:2      | Slain by a hobgoblin

Illustrated notes

Levels and vault maps discovered:
D:1:      dpeg_arrival_pits, layout_basic
D:2:      minmay_recursive_quarters, layout_basic, serial_shops, shop,
          serial_curves, eino_curves_03, eino_curves_02

Skill      XL: |  1  2  3 |
---------------+----------+-----
Fighting       | 2 |  2.1
Shapeshifting  | 4 |  4.0
Dodging        | |  2.0
Unarmed Combat | |  3.0

Action                     || total
---------------------------++-------
  Melee: Unarmed           ||    65
         Constrict         ||    16
         Tentacles         ||    17
         Punch             ||     1
   Stab: Sleeping          ||     5
 Armour: Skin              ||    21
  Dodge: Dodged            ||    47

Table legend: (Time is in decaauts)
 A = Elapsed time spent in this place.
 B = Non-inter-level travel time spent in this place.
 C = Inter-level travel time spent in this place.
 D = Time resting spent in this place.
 E = Time spent auto-exploring this place.
 F = Levels seen in this place.
 G = Mean time per level.
                   A        B        C        D        E       F      G
               +--------+--------+--------+--------+--------+-----+--------+
         Total |   1147 |   1128 |     19 |      0 |    959 |   2 |  573.5 |
       Dungeon |   1147 |   1128 |     19 |      0 |    959 |   2 |  573.5 |
               +--------+--------+--------+--------+--------+-----+--------+

Top non-repeatable levels by time:
     D:1: 777 daAuts
     D:2: 370 daAuts
